 Dungeon Crawl Stone Soup version 0.17.2-1-ge4368a0 (webtiles) character file.

254 rlgrobin the Insei (level 5, -6/43 HPs)
             Began as a Mummy Monk on Apr 18, 2017.
             Mangled by an iguana (13 damage)
             ... on level 3 of the Dungeon.
             The game lasted 00:07:29 (6157 turns).

rlgrobin the Insei (Mummy Monk)                     Turns: 6157, Time: 00:07:30

Health: -6/43      AC:  3    Str: 14    XL:     5   Next: 90%
Magic:  5/5        EV: 13    Int:  9    God:
Gold:   122        SH:  0    Dex: 16    Spells: 0 memorised, 4 levels left

rFire  x . .     SeeInvis .       - Unarmed
rCold  + . .     Clarity  .     (no armour)
rNeg   + + +     SustAt   .     (no shield)
rPois  ∞         Gourm    .     (no helmet)
rElec  .         Spirit   .     (no cloak)
rCorr  .         Warding  .     k - +2 pair of gloves
rMut   .         Stasis   .     (no boots)
MR     .....                    (no amulet)
Stlth  ++........               (no ring)
                                m - ring of poison resistance (curse)

@: not resistant to hostile enchantments, unstealthy
A: no food or potions, fire vulnerability, cold resistance 1, negative energy
resistance 3, torment resistance, unbreathing
a: no special abilities


You were on level 3 of the Dungeon.
You were not hungry.

You visited 1 branch of the dungeon, and saw 6 of its levels.

You collected 122 gold pieces.


Innate Abilities, Weirdness & Mutations

You do not eat or drink.
Your flesh is vulnerable to fire.
You are immune to poison.
Your flesh is cold resistant.
You are immune to negative energy.
You are immune to unholy pain and torment.
You can survive without breathing.


   Skills:
 + Level 4.3 Fighting
 - Level 2.4 Dodging
 - Level 1.5 Stealth
 - Level 5.3 Unarmed Combat


You had 4 spell levels left.
You didn't know any spells.

Inventory:

Armour
 k - a +2 pair of gloves (worn)
Jewellery
 e - an uncursed amulet of stasis {unknown}
 h - an uncursed ring of sustain attributes
 m - a cursed ring of poison resistance (left hand)
Scrolls
 a - 3 scrolls of amnesia {unknown}
 b - 2 scrolls of magic mapping {unknown}
 c - 4 scrolls of noise {!r}
 d - 2 scrolls of enchant weapon
 f - a scroll of recharging {unknown}
 g - 2 scrolls of remove curse
 j - 3 scrolls of fog
 l - a scroll of immolation {!r}

Dungeon Overview and Level Annotations

Branches:
Dungeon (6/15)
 Temple: D:4-7

Altars:
Fedhas
Makhleb

Shops:
D:5 (

Annotations:
D:3 Ice
D:4 exclusion: 2 iguanas, Eustachio
D:5 exclusions: centaur, orc wizard, scorpion, skeleton and 2 worker ants

▒▒▒..▒.▒▒.▒.......
▒.........▒.▒.....
▒........▒▒.▒..)..
▒)........▒.▒.....
▒.....>...........
▒.....)...▒...▒.▒▒
▒▒▒▒▒▒▒▒.........▒▒▒.▒.▒.
▒........l......▒▒▒▒.▒.▒.
▒▒.▒▒▒▒.M.......▒....▒.[.
▒...▒▒.▒▒▒▒▒▒▒▒▒.▒▒▒▒...
▒▒▒.▒▒.▒▒....▒ ▒.▒ ▒...
▒.▒▒.▒▒....▒ ▒.▒ ▒...
▒.▒▒.▒▒....▒▒▒.▒▒▒▒...
▒.▒▒...[.........▒▒...
▒.▒▒▒▒▒..%.......▒▒...
▒................%....
▒▒▒▒▒▒▒..........▒▒...


You could see an iguana.


Message History

You barely miss the iguana! Your punch misses the iguana!
The iguana is moderately wounded!
The iguana bites you!!!
You take 7 damage, and have 26/43 hp!
You beat the iguana but do no damage!
The iguana is moderately wounded!
The iguana bites you!!! * * * don't die
* * * You take 9 damage, and have 17/43 hp!
MASSIVE DAMAGE!!!!!!
You are too injured to fight recklessly!!!
You are too injured to fight recklessly!!!
You pulverise the iguana but do no damage!
The iguana is moderately wounded!
The iguana bites you but does no damage!
You beat the iguana into a bloody pulp!
The iguana is severely wounded!
The iguana bites you!!! * * * don't die
* * * You take 15 damage, and have 2/43 hp!
MASSIVE DAMAGE!!!!!!
The iguana hisses menacingly!
There is a stone staircase leading up here!
The iguana bites you! * * * don't die
* * * You climb upwards!
Level annotation: Ice
There is a stone staircase leading down here!
You take 1 damage, and have 6/43 hp!
Unknown command!
The iguana bites you!!! rip

Action                   |  1- 3 |  4- 6 || total
-------------------------+-------+-------++-------
Melee: Unarmed           |    65 |   227 ||   292
  Use: Scroll            |       |     8 ||     8
 Stab: Sleeping          |     2 |     3 ||     5

Vault maps used:
D:1:      dpeg_arrival_pits, serial_bayou_ford_a
D:2:      uniq_iyjb
D:3:      fedhas_altar_3, uniq_terence
D:4:      uniq_eustachio
D:5:      nemelex_xobeh_ov_fountains_minmay, serial_shops, shop, first_bread,
          hex_tiny, serial_park_tiny_2, minmay_misc_feat_pillars,
          grunt_ministairs_15
D:6:      nicolae_overflow_hidden_temple, nicolae_overflow_crystal_walls,
          basic_altar

Notes
Turn   | Place    | Note
--------------------------------------------------------------
     0 | D:1      | rlgrobin the Mummy Monk began the quest for the Orb.
     0 | D:1      | Reached XP level 1. HP: 18/18 MP: 1/1
   144 | D:3      | Found a blossoming altar of Fedhas.
   174 | D:4      | Noticed Eustachio
   355 | D:3      | Reached XP level 2. HP: 10/24 MP: 2/2
   374 | D:3      | HP: 2/24 [goblin/club (4)]
   410 | D:3      | HP: 2/24 [ooze (3)]
   721 | D:3      | Reached skill level 4 in Unarmed Combat
  1129 | D:5      | Entered Level 5 of the Dungeon
  1180 | D:5      | Noticed a scorpion
  1232 | D:5      | Noticed a centaur
  1252 | D:6      | Found a burning altar of Makhleb.
  1288 | D:6      | HP: 2/24 [adder (5)]
  1290 | D:6      | Reached XP level 3. HP: 2/29 MP: 3/3
  1844 | D:5      | Reached XP level 4. HP: 19/35 MP: 4/4
  2017 | D:5      | Noticed an ice beast
  2038 | D:5      | Found Koic Huaq's Weapon Emporium.
  3779 | D:2      | Reached skill level 5 in Unarmed Combat
  3995 | D:2      | Noticed Ijyb
  4009 | D:2      | Killed Ijyb
  4009 | D:2      | Reached XP level 5. HP: 37/41 MP: 5/5
  5119 | D:3      | Noticed Terence
  5166 | D:3      | Killed Terence
  5166 | D:3      | Reached skill level 4 in Fighting
  5436 | D:4      | Noticed an iguana
  5779 | D:3      | Noticed an ice beast
  5906 | D:4      | Noticed an iguana
  6058 | D:4      | Noticed an iguana
  6120 | D:4      | HP: 2/43 [iguana (15)]
  6157 | D:3      | Mangled by an iguana

Vanquished Creatures
  A centaur zombie (D:5)
  Ijyb (D:2)
  A centaur skeleton (D:4)
  Terence (D:3)
  5 adders
  A shadow imp (D:5)
  3 oozes
  4 worms
  3 giant geckos
  An orc (D:3)
  7 bats
  A giant cockroach (D:1)
  8 hobgoblins
  3 jackals
  2 quokkas
  A ball python (D:4)
  3 goblins
  11 kobolds
  7 rats
  A fungus (D:3)
65 creatures vanquished.

Vanquished Creatures (others)
  A fungus (D:3)
1 creature vanquished.

Grand Total: 66 creatures vanquished
